 Dungeon Crawl Stone Soup version 0.29.1-15-g9cfb28693d (webtiles) character file.

Game seed: 3678184019631453599

3600 Renzlar the Blocker (level 10, -1/82 HPs)
             Began as a Gnoll Fighter on Feb 25, 2023.
             Was an Elder of Okawaru.
             Slain by a fire elemental (6 damage)
             ... summoned by a deep elf pyromancer
             ... on level 8 of the Dungeon.
             The game lasted 00:29:31 (8041 turns).

Renzlar the Blocker (Gnoll Fighter)                 Turns: 8041, Time: 00:29:31

Health: -1/82      AC: 21    Str: 19    XL:     10   Next: 10%
Magic:  17/17      EV:  9    Int: 11    God:    Okawaru [****..]
Gold:   438        SH:  6    Dex: 13    Spells: 19/19 levels left

rFire   . . .      SeeInvis .   q - +5 mace of Turmoil {vorpal, Int+4}
rCold   . . .      Faith    .   c - +0 buckler
rNeg    . . .      Spirit   .   f - +4 chain mail
rPois   .          Reflect  .   s - +0 helmet
rElec   .          Harm     .   m - +2 cloak {rCorr}
rCorr   +          Rampage  .   g - +0 pair of gloves
Will    .....                   (no boots)
Stlth   ..........              (no amulet)
HPRegen 0.23/turn               B - ring of resist corrosion
MPRegen 0.15/turn               (no ring)

@: no status effects
A: fangs 1, strong nose, distributed training
a: Renounce Religion, Heroism, Finesse


You were on level 8 of the Dungeon.
You worshipped Okawaru.
Okawaru was greatly pleased with you.
You visited 1 branch of the dungeon, and saw 8 of its levels.

You collected 438 gold pieces.

Inventory:

Hand Weapons
 a - a +2 war axe
 q - the +5 mace of Turmoil (weapon) {vorpal, Int+4}
   (You found it on level 4 of the Dungeon)

   It inflicts extra damage upon your enemies.
   Int:       It affects your intelligence (+4).
 y - a +3 dagger
Missiles
 r - 15 poisoned darts
 t - 5 silver boomerangs (quivered)
 v - 4 curare-tipped darts
Armour
 b - a +0 scale mail
 c - a +0 buckler (worn)
 f - a +4 chain mail (worn)
 g - a +0 pair of gloves (worn)
 m - a +2 cloak of preservation (worn)
 s - a +0 helmet (worn)
Jewellery
 B - a ring of resist corrosion (left hand)
Wands
 o - a wand of flame (51)
 p - a wand of paralysis (7)
Scrolls
 d - 7 scrolls of teleportation
 l - 2 scrolls of blinking
 n - 2 scrolls of amnesia
 u - a scroll of silence
 x - a scroll of poison
 C - a scroll of enchant weapon
Potions
 e - a potion of heal wounds
 h - 5 potions of haste
 i - a potion of berserk rage
 j - 4 potions of flight
 k - 6 potions of curing
 w - a potion of mutation {unknown}
 z - 2 potions of lignification
 A - a potion of invisibility {unknown}


   Skills:
 + Level 8.4 Fighting
 + Level 5.1 Short Blades
 + Level 5.1 Long Blades
 + Level 7.0 Axes
 + Level 5.1 Maces & Flails
 + Level 5.1 Polearms
 + Level 5.1 Staves
 + Level 5.1 Ranged Weapons
 + Level 5.1 Throwing
 + Level 8.4 Armour
 + Level 5.1 Dodging
 + Level 5.1 Stealth
 + Level 8.4 Shields
 + Level 5.1 Unarmed Combat
 + Level 5.1 Spellcasting
 + Level 4.2 Conjurations
 + Level 4.2 Hexes
 + Level 4.2 Summonings
 + Level 4.2 Necromancy
 + Level 4.2 Translocations
 + Level 4.2 Transmutations
 + Level 4.2 Fire Magic
 + Level 4.2 Ice Magic
 + Level 4.2 Air Magic
 + Level 4.2 Earth Magic
 + Level 4.2 Poison Magic
 + Level 5.6 Invocations
 + Level 5.1 Evocations


You had 19 spell levels left.
You didn't know any spells.
Your spell library contained the following spells:

 Spells                   Type           Power      Damage    Failure   Level
 Magic Dart               Conj           48%        1d5       36%         1
 Necrotise                Necr           48%        1d6       36%         1
 Searing Ray              Conj           24%        2d5       52%         2
 Confusing Touch          Hex            12%        N/A       75%         3
 Vampiric Draining        Necr           12%        2d6       75%         3
 Fulminant Prism          Conj/Hex       6%         3d7       98%         4
 Passage of Golubria      Tloc           12%        N/A       98%         4
 Agony                    Necr           12%        N/A       100%        5
 Yara's Violent Unravell  Hex/Tmut       6%         3d5       100%        5
 Enfeeble                 Hex            6%         N/A       100%        7
 Tukima's Dance           Hex            Unusable   N/A       N/A         3

Dungeon Overview and Level Annotations

Branches:
Dungeon (8/15)             Temple (0/1) D:4            Lair (0/5) D:8

Altars:
Ashenzari
Hepliaklqana
Nemelex Xobeh
Okawaru
Sif Muna
Uskayaw
Xom


Innate Abilities, Weirdness & Mutations

You have very sharp teeth.
Your uncanny sense of smell can sniff out nearby items.
Your experience applies equally to all skills.


Message History

The fire elemental hits you. The fire elemental burns you!
The deep elf pyromancer mumbles some strange words.
The deep elf pyromancer blinks!
You block the fire elemental's attack.
You hit the fire elemental.
The fire elemental is almost destroyed.
The fire elemental completely misses you.
Unknown command.
You hit the fire elemental.
You destroy the fire elemental!
The fire elemental disappears in a puff of smoke!
Unknown command.
You hit the fire elemental but do no damage.
The fire elemental hits you. The fire elemental burns you!
The fire elemental hits you. The fire elemental burns you!
* * * LOW HITPOINT WARNING * * *
Unknown command.
You hit the fire elemental.
The fire elemental is lightly damaged.
The fire elemental hits you. The fire elemental burns you!
* * * LOW HITPOINT WARNING * * *
You thump the fire elemental! Your bite misses the fire elemental.
The fire elemental is heavily damaged.
The fire elemental barely misses you. The fire elemental hits you.
The fire elemental burns you!
* * * LOW HITPOINT WARNING * * *
Unknown command.
You hit the fire elemental but do no damage.
You bite the fire elemental.
The fire elemental is heavily damaged.
The fire elemental disappears in a puff of smoke!
The deep elf pyromancer gestures wildly while chanting.
Unknown command.
You closely miss the fire elemental. The fire elemental misses you.
The fire elemental hits you. The fire elemental burns you!
* * * LOW HITPOINT WARNING * * *
Unknown command.
You hit the fire elemental but do no damage.
Your bite misses the fire elemental. The fire elemental hits you.
The fire elemental burns you!
You die...

#.# #.# # #.# #○ #.# ∆ ○##
#.# .e #.# #○#####.# #.#
...###.☼☼....# #.#
#.....○###### #.#
+.....eEE@..# ..###
#....°○####.# ....#
#......# #.#
....##############.#######
..................>.......
....#.......######.#######
#####.......# #.#
#####.......# #.#
...##..~~~~.# #.#


You could see a deep elf pyromancer and 2 fire elementals.

Vanquished Creatures
  A gargoyle (D:6)
  2 hornets
  A wyvern (D:8)
  A steam dragon (D:7)
  An acid dragon (D:8)
  A water moccasin (D:6)
  An ice beast (D:6)
  2 black bears (D:5)
  An ogre (D:7)
  A centaur (D:7)
  A kobold brigand (D:8)
  A bullfrog (D:6)
  A necrophage (D:4)
  4 scorpions
  11 wights (D:6)
  6 howler monkeys (D:7)
  2 jellies (D:7)
  4 orc priests
  4 hounds
  2 iguanas
  3 orc wizards
  5 gnolls
  9 adders
  5 shadow imps
  3 white imps
  5 worms
  The ghost of leafyfresh the Covert, a weakling GnDe (D:5)
  2 dart slugs
  31 orcs
  9 ball pythons
  5 bats
  2 endoplasms (D:2)
  4 giant cockroaches
  4 goblins
  4 hobgoblins
  5 jackals (D:1)
  14 kobolds
  2 quokkas
  6 frilled lizards
  A quokka zombie (D:7)
  11 rats
  A rat zombie (D:7)
180 creatures vanquished.

Notes
Turn   | Place    | Note
-------+----------+-------------------------------------------
     0 | D:1      | Renzlar the Gnoll Fighter began the quest for the Orb.
     0 | D:1      | Reached XP level 1. HP: 23/23 MP: 1/1
   312 | D:1      | Reached XP level 2. HP: 29/29 MP: 2/2
   976 | D:1      | Reached XP level 3. HP: 35/35 MP: 3/3
  1273 | D:2      | Reached skill level 1 in Invocations
  1344 | D:2      | Reached skill level 1 in Short Blades
  1344 | D:2      | Reached skill level 1 in Long Blades
  1344 | D:2      | Reached skill level 1 in Maces & Flails
  1344 | D:2      | Reached skill level 1 in Polearms
  1344 | D:2      | Reached skill level 1 in Staves
  1344 | D:2      | Reached skill level 1 in Ranged Weapons
  1344 | D:2      | Reached skill level 1 in Throwing
  1344 | D:2      | Reached skill level 1 in Dodging
  1344 | D:2      | Reached skill level 1 in Stealth
  1344 | D:2      | Reached skill level 1 in Unarmed Combat
  1344 | D:2      | Reached skill level 1 in Spellcasting
  1344 | D:2      | Reached skill level 1 in Evocations
  1461 | D:2      | Reached XP level 4. HP: 41/41 MP: 5/5
  2026 | D:3      | Reached skill level 1 in Conjurations
  2026 | D:3      | Reached skill level 1 in Hexes
  2026 | D:3      | Reached skill level 1 in Summonings
  2026 | D:3      | Reached skill level 1 in Necromancy
  2026 | D:3      | Reached skill level 1 in Translocations
  2026 | D:3      | Reached skill level 1 in Transmutations
  2026 | D:3      | Reached skill level 1 in Fire Magic
  2026 | D:3      | Reached skill level 1 in Ice Magic
  2026 | D:3      | Reached skill level 1 in Air Magic
  2026 | D:3      | Reached skill level 1 in Earth Magic
  2026 | D:3      | Reached skill level 1 in Poison Magic
  2035 | D:3      | Reached XP level 5. HP: 25/47 MP: 5/7
  2302 | D:3      | Found a hide-covered altar of Uskayaw.
  2305 | D:3      | Found a shimmering altar of Xom.
  2306 | D:3      | Found a hazy altar of Hepliaklqana.
  2430 | D:3      | Found an iron altar of Okawaru.
  2438 | D:3      | Became a worshipper of Warmaster Okawaru
  2624 | D:3      | Found a broken altar of Ashenzari.
  2864 | D:4      | Reached skill level 5 in Axes
  2864 | D:4      | Reached XP level 6. HP: 43/53 MP: 8/8
  2987 | D:4      | You fall into a shaft and drop 2 floors!
  3078 | D:6      | Reached * piety under Okawaru
  3080 | D:6      | Reached XP level 7. HP: 25/59 MP: 10/10
  3422 | D:5      | Entered Level 5 of the Dungeon
  3771 | D:5      | Reached ** piety under Okawaru
  3790 | D:5      | Found a runed translucent gate.
  3790 | D:5      | Found a runed translucent gate.
  3790 | D:5      | Found a runed translucent gate.
  3808 | D:5      | Noticed leafyfresh's ghost (weakling GnDe)
  3837 | D:5      | Reached XP level 8. HP: 67/67 MP: 12/12
  4023 | D:5      | Found a sparkling altar of Nemelex Xobeh.
  4103 | D:5      | Killed leafyfresh's ghost
  4253 | D:4      | Found a staircase to the Ecumenical Temple.
  4530 | D:4      | Identified the +5 mace of Turmoil {vorpal, Int+4}
  4880 | D:6      | Noticed a gargoyle
  4899 | D:6      | Killed a gargoyle
  4899 | D:6      | Reached *** piety under Okawaru
  4900 | D:6      | Reached XP level 9. HP: 20/73 MP: 12/14
  6309 | D:7      | Reached **** piety under Okawaru
  6519 | D:7      | Reached skill level 5 in Invocations
  6778 | D:7      | Noticed a hornet
  6795 | D:7      | Killed a hornet
  7417 | D:8      | Noticed a hornet
  7421 | D:8      | Killed a hornet
  7421 | D:8      | Reached ***** piety under Okawaru
  7422 | D:8      | Reached skill level 5 in Short Blades
  7422 | D:8      | Reached skill level 5 in Long Blades
  7422 | D:8      | Reached skill level 5 in Maces & Flails
  7422 | D:8      | Reached skill level 5 in Polearms
  7422 | D:8      | Reached skill level 5 in Staves
  7422 | D:8      | Reached skill level 5 in Ranged Weapons
  7422 | D:8      | Reached skill level 5 in Throwing
  7422 | D:8      | Reached skill level 5 in Dodging
  7422 | D:8      | Reached skill level 5 in Stealth
  7422 | D:8      | Reached skill level 5 in Unarmed Combat
  7422 | D:8      | Reached skill level 5 in Spellcasting
  7422 | D:8      | Reached skill level 5 in Evocations
  7422 | D:8      | Reached XP level 10. HP: 76/81 MP: 17/17
  7494 | D:8      | Found a staircase to the Lair.
  7545 | D:8      | Found a shimmering blue altar of Sif Muna.
  8022 | D:8      | Noticed a deep elf pyromancer
  8040 | D:8      | HP: 4/82 [fire elemental[a deep elf pyromancer] (1)]
  8041 | D:8      | Slain by a fire elemental

Illustrated notes

Levels and vault maps discovered:
D:1:      wander_arrival_lonely_grave, layout_basic, grunt_decor_clamped
D:2:      layout_basic, grunt_decor_one_mirror
D:3:      layout_rooms, mainiacjoe_overflow_24_doors, okawaru_altar_gauntlet_db,
          grunt_temple_overflow_open, nicolae_wormholes
D:4:      layout_basic, minmay_temple_entry_junction
D:5:      layout_basic, lemuel_round_altar, gammafunk_ghost_split,
          columned_hall_lemuel
D:6:      layout_basic
D:7:      layout_basic, enter_ossuary_4
D:8:      layout_basic, general_overflow_altar, lair_entry_dummy

Skill      XL: |  1  2  3  4  5  6  7  8  9 10 |
---------------+-------------------------------+-----
Invocations    | 1 2 3 4 5 |  5.6
Short Blades   | 1 2 3 5 |  5.1
Long Blades    | 1 2 3 5 |  5.1
Maces & Flails | 1 2 3 5 |  5.1
Polearms       | 1 2 3 5 |  5.1
Staves         | 1 2 3 5 |  5.1
Ranged Weapons | 1 2 3 5 |  5.1
Throwing       | 1 2 3 5 |  5.1
Dodging        | 1 2 3 5 |  5.1
Stealth        | 1 2 3 5 |  5.1
Unarmed Combat | 1 2 3 5 |  5.1
Spellcasting   | 1 2 3 5 |  5.1
Evocations     | 1 2 3 5 |  5.1
Conjurations   | 1 2 3 4 |  4.2
Hexes          | 1 2 3 4 |  4.2
Summonings     | 1 2 3 4 |  4.2
Necromancy     | 1 2 3 4 |  4.2
Translocations | 1 2 3 4 |  4.2
Transmutations | 1 2 3 4 |  4.2
Fire Magic     | 1 2 3 4 |  4.2
Ice Magic      | 1 2 3 4 |  4.2
Air Magic      | 1 2 3 4 |  4.2
Earth Magic    | 1 2 3 4 |  4.2
Poison Magic   | 1 2 3 4 |  4.2
Axes           | 5 6 7 |  7.0
Fighting       | 7 8 |  8.4
Armour         | 7 8 |  8.4
Shields        | 7 8 |  8.4

Action                   |  1- 3 |  4- 6 |  7- 9 | 10-12 || total
-------------------------+-------+-------+-------+-------++-------
Melee: War axe           |    85 |   144 |   156 |       ||   385
       Bite              |     2 |     6 |    35 |     4 ||    47
       Mace              |       |       |   187 |    52 ||   239
Throw: Boomerang         |       |     5 |     5 |       ||    10
Invok: Heroism           |       |       |     4 |     1 ||     5
  Use: Scroll            |     7 |     8 |     6 |     2 ||    23
       Potion            |       |     1 |       |       ||     1
Armor: Plate armour      |    47 |    80 |       |       ||   127
       Scale mail        |     1 |       |       |       ||     1
       Chain mail        |       |    15 |   186 |    30 ||   231
Dodge: Dodged            |    20 |    31 |   137 |    19 ||   207
Block: Buckler           |    25 |    30 |    93 |    15 ||   163
